 Dungeon Crawl Stone Soup version 0.14-a0-1570-g671a4b6 (webtiles) character file.

149 M4edhros the Changer (level 4, -3/28 HPs)
             Began as an Octopode Transmuter on Dec 21, 2013.
             Killed from afar by an orc (18 damage)
             ... with a wand of draining
             ... on Level 3 of the Dungeon.
             The game lasted 00:04:15 (3241 turns).

M4edhros the Changer (Octopode Transmuter)          Turns: 3241, Time: 00:04:15

HP  -3/28        AC  1     Str  9      XL: 4   Next: 57%
MP   6/7         EV 11     Int 16      God:
Gold 58          SH  0     Dex 12      Spells:  2 memorised,  3 levels left

rFire  . . .     SeeInvis .       - Unarmed
rCold  . . .     Clarity  .     (no shield)
rNeg   . . .     Conserve .     (helmet restricted)
rPois  .         rCorr    .     (no amulet)
rElec  .         rRot     .     (no ring)
SustAb . .       Spirit   .     (no ring)
rMut   .         Warding  .     (no ring)
Saprov . . .     Stasis   .     (no ring)
                                (no ring)
                                (no ring)
                                (no ring)
                                (no ring)

@: appendage, drained, slightly resistant to hostile enchantments, fairly
stealthy
A: almost no armour, amphibious, 8 rings, constrict 8, spike 3, camouflage 1,
gelatinous body 1
a: End Transformation


You were on level 3 of the Dungeon.
You were not hungry.
One of your tentacles had a temporary spike.
You visited 1 branch of the dungeon, and saw 3 of its levels.

You collected 58 gold pieces.

Inventory:

Missiles
 b - 12 arrows
Comestibles
 a - 2 bread rations
 g - a rotting chunk of rat flesh
 o - a pear
Scrolls
 h - a scroll of fog {unknown}
 i - 2 scrolls of enchant weapon II
 j - 2 scrolls of remove curse
 k - 2 scrolls of teleportation {unknown}
 m - a scroll of fear {unknown}
 p - 2 scrolls of enchant weapon I {unknown}
 q - a scroll of random uselessness {unknown}
Jewellery
 n - an uncursed ring of ice
Potions
 c - a potion of porridge
 f - a potion of restore abilities {unknown}
 l - a potion of confusion {unknown}
 r - a potion of mutation {unknown}
Books
 d - a book of Changes

   Spells                             Type                      Level
   *Beastly Appendage                 Transmutation                1
   Sticks to Snakes                   Transmutation                2
   *Spider Form                       Transmutation/Poison         3
   Ice Form                           Ice/Transmutation            4
   Blade Hands                        Transmutation                5


   Skills:
 - Level 1.0(0.0) Fighting
 - Level 2.0(0.9) Dodging
 - Level 3.0(1.9) Unarmed Combat
 - Level 2.0(0.9) Spellcasting
 + Level 4.2(3.1) Transmutations
 + Level 1.7(0.6) Poison Magic


You had 3 spell levels left.
You knew the following spells:

 Your Spells              Type           Power        Failure   Level  Hunger
a - Beastly Appendage     Trmt           ##....       10%         1    ##.....
b - Spider Form           Trmt/Pois      #.........   34%         3    ####...


Dungeon Overview and Level Annotations

Branches:
Dungeon (3/16)

Altars:


Innate Abilities, Weirdness & Mutations

You cannot wear most types of armour.
You are amphibious.
You can wear up to eight rings at the same time.*
You can use your tentacles to constrict many enemies at once.*
Your skin changes colour to match your surroundings (Stlth).*
Your rubbery body absorbs attacks (AC +1).*
One of your tentacles bears a large vicious spike.*


Message History

You closely miss the orc. You grab the orc.
You pierce the orc.
You kill the orc!
The adder barely misses you.
The orc zaps a wand.
The bolt of negative energy hits the orc.
The orc is drained!
The orc dies!
The bolt of negative energy hits you!
You feel drained.
Ouch! That really hurt!
* * * LOW HITPOINT WARNING * * *
The adder barely misses you.
You aren't carrying any items that can be evoked.
Read which item? (? for menu, Esc to quit)
Okay, then.
Drink which item? (? for menu, Esc to quit)
Okay, then.
Drink which item? (? for menu, Esc to quit)
You feel better. The adder closely misses you.
The orc zaps a wand.
The bolt of negative energy hits you!
You feel drained.
Ouch! That really hurt!
You die...

#.<.#J.. #oo⌠#.....
#...###...## .
#⌠.o##.#.)... ..
+..###....... . ...
#⌠##.#..... .... #.
..###..#...######..... #.
...o.o..S...#.#.#.#.#.#.#.
......go)@................
.....#....#.#.#.#.#.#.#.#.
. #....................
####...#.#.#.#<#.#.#.
#....#.......#....
#....###...##..... ......#
#.......... .......#
#.......... ......#
#..........


You could see an adder, 3 orcs and a goblin.

Vanquished Creatures
  An orc wizard (D:2)
  An adder (D:2)
  An ooze (D:2)
  4 orcs (D:3)
  5 bats
  8 hobgoblins
  4 jackals (D:2)
  A giant cockroach (D:2)
  A giant gecko (D:1)
  3 giant newts
  10 goblins
  5 kobolds
  8 rats
52 creatures vanquished.

Vanquished Creatures (others)
  An orc (D:3)
1 creature vanquished.

Grand Total: 53 creatures vanquished

Notes
Turn   | Place    | Note
--------------------------------------------------------------
     0 | D:1      | M4edhros, the Octopode Transmuter, began the quest for the Orb.
     0 | D:1      | Reached XP level 1. HP: 13/13 MP: 3/3
   464 | D:1      | Reached XP level 2. HP: 16/18 MP: 4/4
  1302 | D:2      | Reached XP level 3. HP: 11/23 MP: 6/6
  1961 | D:2      | Learned a level 3 spell: Spider Form
  2639 | D:2      | Reached skill level 4 in Transmutations
  2639 | D:2      | Reached skill level 1 in Poison Magic
  2639 | D:2      | Reached XP level 4. HP: 14/28 MP: 7/7
  3241 | D:3      | Killed from afar by an orc

Action                   |  1- 3 |  4- 6 || total
-------------------------+-------+-------++-------
Melee: Unarmed           |   116 |    16 ||   132
 Cast: Beastly Appendage |       |     2 ||     2
  Use: Potion            |     5 |     2 ||     7
       Scroll            |     2 |       ||     2
 Stab: Sleeping          |     4 |       ||     4
